 Dungeon Crawl Stone Soup version 0.27-a0-953-g496ac5b (webtiles) character file.

Game seed: 12003207611832925195

188 Nithhogg the Skirmisher (level 5, -3/41 HPs)
             Began as a Demonspawn Fighter on Apr 11, 2021.
             Was an Initiate of Makhleb.
             Slain by an ice beast (14 damage)
             ... on level 3 of the Dungeon.
             The game lasted 00:04:06 (2522 turns).

Nithhogg the Skirmisher (Demonspawn Fighter)        Turns: 2522, Time: 00:04:07

Health: -3/41      AC:  9    Str: 17    XL:     5   Next: 39%
Magic:  6/6        EV: 10    Int: 10    God:    Makhleb [......]
Gold:   51         SH:  5    Dex: 12    Spells: 4/4 levels left

rFire    . . .     SeeInvis .   a - +1 war axe (vamp)
rCold    . . .     Faith    .   (no shield)
rNeg     . . .     Spirit   .   b - +0 scale mail
rPois    .         Reflect  +   (helmet restricted)
rElec    .         Harm     .   o - +1 cloak
rCorr    .         Rampage  .   (no gloves)
Will     +....                  (no boots)
Stlth    ..........             m - amulet of reflection
HPRegen  0.13/turn              q - ring of willpower
MPRegen  0.10/turn              (no ring)

@: mighty
A: antennae 1, spiny 2
a: Renounce Religion


You were on level 3 of the Dungeon.
You worshipped Makhleb.
Makhleb was noncommittal.
You visited 1 branch of the dungeon, and saw 3 of its levels.

You collected 51 gold pieces.

Inventory:

Hand Weapons
 a - a +1 vampiric war axe (weapon)
Armour
 b - a +0 scale mail (worn)
 c - a +0 kite shield
 o - a +1 cloak (worn)
Jewellery
 m - an amulet of reflection (around neck)
 n - a ring of fire
 q - a ring of willpower (left hand)
Wands
 j - a wand of acid (4)
 r - a wand of charming (7)
Scrolls
 e - 2 scrolls of identify
 l - a scroll of noise
 p - a scroll of fog {unknown}
Potions
 f - 2 potions of flight {unknown}
 g - 2 potions of attraction {unknown}
 h - a potion of curing {unknown}
 i - a potion of resistance {unknown}
 k - a potion of mutation {unknown}


   Skills:
 + Level 3.6 Fighting
 * Level 3.2 Axes
 + Level 3.4 Armour
 + Level 1.6 Dodging
 - Level 2.6 Shields
 + Level 2.5 Invocations


You had 4 spell levels left.
You didn't know any spells.
Your spell library contained the following spells:

 Spells                   Type           Power      Damage    Failure   Level
 Magic Dart               Conj           0%         1d3       77%         1
 Blink                    Tloc           N/A        N/A       88%         2
 Call Imp                 Summ           0%         N/A       88%         2
 Slow                     Hex            0%         N/A       88%         2
 Conjure Flame            Conj/Fire      0%         6-21      98%         3
 Mephitic Cloud           Conj/Pois/Air  0%         N/A       98%         3


Dungeon Overview and Level Annotations

Branches:
Dungeon (3/15)

Altars:
Makhleb


Innate Abilities, Weirdness & Mutations

You have a pair of small antennae on your head.
You are mostly covered in sharp spines.


Message History

You slash the ice beast!
The ice beast is heavily wounded.
The ice beast hits you. The ice beast freezes you!
You hit the ice beast.
The ice beast is heavily wounded.
The ice beast hits you but does no damage.
You closely miss the ice beast.
The ice beast is heavily wounded.
The ice beast hits you. The ice beast freezes you!
The ice beast closely misses you.
You are too injured to fight recklessly!
You are too injured to fight recklessly!
You are too injured to fight recklessly!
You are too injured to fight recklessly!
You are too injured to fight recklessly!
You are too injured to fight recklessly!
You are too injured to fight recklessly!
You are too injured to fight recklessly!
You are too injured to fight recklessly!
You are too injured to fight recklessly!
You are too injured to fight recklessly!
You feel very mighty all of a sudden. The kobold is struck by your spines.
You kill the kobold!
Makhleb accepts your kill.
You closely miss the frilled lizard.
The frilled lizard is struck by your spines.
You kill the frilled lizard!
Makhleb accepts your kill.
You barely miss the ice beast.
The ice beast is heavily wounded.
The ice beast hits you but does no damage.
You barely miss the ice beast.
The ice beast is heavily wounded.
The ice beast is struck by your spines.
The ice beast hits you but does no damage.
The ice beast hits you.
* * * LOW HITPOINT WARNING * * *
The ice beast freezes you!
You die...

#.# #.# #.# ## #.# ###
.. #.#### .. .##
###########....##.#...#
##...............#...#
........####.....Y..#
##.####.........@#....#
#.# #######...##..###
#.# ##### #..# ...#
#... #### ####


You could see an ice beast.

Vanquished Creatures
  Crazy Yiuf (D:2)
  An iguana (D:2)
  Natasha (thrice) (D:3)
  3 dart slugs (D:1)
  4 bats
  3 endoplasms
  3 giant cockroaches
  3 hobgoblins
  7 jackals
  8 kobolds
  5 ball pythons
  3 frilled lizards
  3 goblins
  7 rats
54 creatures vanquished.

Notes
Turn   | Place    | Note
-------+----------+-------------------------------------------
     0 | D:1      | Nithhogg the Demonspawn Fighter began the quest for the
                  | Orb.
     0 | D:1      | Reached XP level 1. HP: 18/18 MP: 1/1
   209 | D:1      | Gained mutation: You are partially covered in sharp spines.
                  | [demonic ancestry]
   209 | D:1      | Reached XP level 2. HP: 24/24 MP: 2/2
   241 | D:1      | Reached skill level 1 in Invocations
   592 | D:1      | Reached XP level 3. HP: 29/29 MP: 3/3
   922 | D:1      | Found a faded altar of an unknown god.
  1304 | D:2      | Reached skill level 1 in Dodging
  1532 | D:2      | Gained mutation: You are mostly covered in sharp spines.
                  | [demonic ancestry]
  1532 | D:2      | Reached XP level 4. HP: 35/35 MP: 5/5
  1534 | D:2      | Found a burning altar of Makhleb.
  1542 | D:2      | Became a worshipper of Makhleb the Destroyer
  1752 | D:2      | Found a runed translucent door.
  1753 | D:2      | Noticed Crazy Yiuf
  1882 | D:2      | Killed Crazy Yiuf
  2221 | D:3      | Noticed Natasha
  2227 | D:3      | Killed Natasha
  2256 | D:3      | Noticed Natasha
  2260 | D:3      | Killed Natasha
  2261 | D:3      | Gained mutation: You have a pair of small antennae on your
                  | head. [demonic ancestry]
  2261 | D:3      | Reached XP level 5. HP: 35/41 MP: 6/6
  2315 | D:3      | Noticed Natasha
  2320 | D:3      | Killed Natasha
  2512 | D:3      | Noticed an ice beast
  2522 | D:3      | Slain by an ice beast

Illustrated notes

Levels and vault maps discovered:
D:1:      sevenhm_arrival_forest_fort_large_1, layout_basic,
          shapermc_ecumenical_altar_mp_urbaneastern
D:2:      layout_rooms, basic_altar, uniq_crazy_yiuf_cottage
D:3:      layout_loops_ring, serial_shops, shop, kennysheep_small_spiral,
          minmay_between, uniq_grinder, uniq_natasha

Skill      XL: |  1  2  3  4 |
---------------+-------------+-----
Axes           | 2 3 |  3.2
Invocations    | 1 2 |  2.5
Armour         | 3 |  3.4
Dodging        | 1 |  1.6
Fighting       | |  3.6
Shields        | |  2.6

Action                   |  1- 3 |  4- 6 || total
-------------------------+-------+-------++-------
Melee: War axe           |    47 |    34 ||    81
  Use: Scroll            |     3 |     1 ||     4
       Potion            |       |     1 ||     1
Armor: Scale mail        |    23 |    12 ||    35
Dodge: Dodged            |    19 |     8 ||    27
Block: Other             |     2 |     8 ||    10

Table legend: (Time is in decaauts)
 A = Elapsed time spent in this place.
 B = Non-inter-level travel time spent in this place.
 C = Inter-level travel time spent in this place.
 D = Time resting spent in this place.
 E = Time spent auto-exploring this place.
 F = Levels seen in this place.
 G = Mean time per level.
                   A        B        C        D        E       F      G
               +--------+--------+--------+--------+--------+-----+--------+
         Total |   2555 |   2521 |     34 |     14 |   2202 |   3 |  851.7 |
       Dungeon |   2555 |   2521 |     34 |     14 |   2202 |   3 |  851.7 |
               +--------+--------+--------+--------+--------+-----+--------+

Top non-repeatable levels by time:
     D:1: 1225 daAuts
     D:2: 968 daAuts
     D:3: 360 daAuts
